 Dungeon Crawl Stone Soup version 0.23.2-30-g0e89c35 (webtiles) character file.

Game seed: 16731796386448783025

49 Fortress the Firebug (level 3, 0/37 HPs)
             Began as a Gnoll Fire Elementalist on June 9, 2019.
             Slain by Robin
             ... wielding a +0 dagger
              (3 damage)
             ... on level 2 of the Dungeon.
             The game lasted 00:07:19 (1137 turns).

Fortress the Firebug (Gnoll Fire Elementalist)      Turns: 1137, Time: 00:07:19

Health: 0/37       AC:  2    Str: 15    XL:     3   Next: 75%
Magic:  0/9        EV: 13    Int: 18    God:
Gold:   74         SH:  0    Dex: 15    Spells: 11/12 levels left

rFire    . . .     SeeInvis .   f - +0 short sword
rCold    . . .     Gourm    .   (no shield)
rNeg     . . .     Faith    .   a - +0 robe
rPois    .         Spirit   .   (no helmet)
rElec    .         Reflect  .   (no cloak)
rCorr    .         Harm     .   (no gloves)
MR       .....                  (no boots)
Stlth    ..........             (no amulet)
HPRegen  0.12/turn              (no ring)
MPRegen  0.11/turn              (no ring)

@: berserking, flying, heavily drained, very quick
A: distributed training, fangs 1, strong nose
a: no special abilities


You were on level 2 of the Dungeon.
You were hungry.

You visited 1 branch of the dungeon, and saw 3 of its levels.

You collected 74 gold pieces.

Inventory:

Hand Weapons
 f - a +0 short sword (weapon)
 p - a +0 hunting sling
Missiles
 k - 40 stones (quivered)
 l - 4 tomahawks
 o - 17 poisoned needles
Armour
 a - a +0 robe (worn)
Jewellery
 n - an uncursed ring of wizardry {unknown}
 s - an uncursed amulet of faith {unknown}
Scrolls
 b - 5 scrolls of enchant weapon {unknown}
 d - 6 scrolls of identify {unknown}
 e - 4 scrolls of remove curse {unknown}
 i - a scroll of fog {unknown}
 j - a scroll of enchant armour {unknown}
 r - a scroll of teleportation {unknown}
Potions
 g - a potion of flight
 m - a potion of berserk rage
 q - a potion of mutation {unknown}
Comestibles
 c - 5 rations


   Skills:
 + Level 0.9(0.0) Fighting
 + Level 0.9(0.0) Short Blades
 + Level 0.9(0.0) Long Blades
 + Level 0.9(0.0) Axes
 + Level 0.9(0.0) Maces & Flails
 + Level 0.9(0.0) Polearms
 + Level 0.9(0.0) Staves
 + Level 0.9(0.0) Slings
 + Level 0.9(0.0) Bows
 + Level 0.9(0.0) Crossbows
 + Level 0.9(0.0) Throwing
 + Level 0.9(0.0) Armour
 + Level 4.5(3.1) Dodging
 + Level 4.2(2.7) Stealth
 + Level 0.9(0.0) Shields
 + Level 0.9(0.0) Unarmed Combat
 + Level 5.0(3.5) Spellcasting
 + Level 2.1(0.8) Conjurations
 + Level 0.6(0.0) Hexes
 + Level 0.6(0.0) Charms
 + Level 0.6(0.0) Summonings
 + Level 0.6(0.0) Necromancy
 + Level 0.6(0.0) Translocations
 + Level 0.6(0.0) Transmutations
 + Level 5.4(3.9) Fire Magic
 + Level 0.6(0.0) Ice Magic
 + Level 0.6(0.0) Air Magic
 + Level 0.6(0.0) Earth Magic
 + Level 0.6(0.0) Poison Magic
 + Level 1.0(0.0) Invocations
 + Level 0.9(0.0) Evocations


You had 11 spell levels left.
You knew the following spells:

 Your Spells              Type           Power        Failure   Level  Hunger
a - Flame Tongue          Conj/Fire      ##...        6%          1    None

Your spell library contained the following spells:

 Spells                   Type           Power        Failure   Level  Hunger
 Throw Flame              Conj/Fire      ##....       9%          2    ##.....
 Conjure Flame            Conj/Fire      ##......     17%         3    ###....
 Inner Flame              Hex/Fire       ##......     21%         3    ###....
 Sticky Flame             Conj/Fire      ##......     50%         4    ####...
 Fireball                 Conj/Fire      ##........   85%         5    ######.


Dungeon Overview and Level Annotations

Branches:
Dungeon (3/15)

Altars:
Cheibriados
Gozag

Annotations:
D:2 Robin


Innate Abilities, Weirdness & Mutations

Your experience applies equally to all skills.
You have very sharp teeth.
Your uncanny sense of smell can sniff out nearby items.


Message History

Robin zaps a wand.
The puff of flame hits you!
* * * LOW HITPOINT WARNING * * *
The goblin barely misses you.
Casting: Flame Tongue (safe; 6% risk of failure)
Confirm with . or Enter, or press ? or * to list all spells.
Aiming: Flame Tongue (safe; 6% risk of failure)
Press: ? - help, Shift-Dir - straight line, f - Robin
Aim: Robin, wielding a +0 dagger, wearing a cursed +0 animal skin, wearing a +0 helmet and carrying a wand of flame (20) (lightly wounded)
The flame tongue hits Robin.
Robin is heavily wounded.
Robin zaps a wand.
The puff of flame misses you.
The puff of flame hits the goblin!
The goblin dies!
It was a potion of berserk rage.
A red film seems to cover your vision as you go berserk!
You feel yourself moving faster!
You feel mighty! Robin barely misses you.
You barely miss Robin.
Robin is heavily wounded.
Robin hits you with a +0 dagger.
You die...

)#. ...
###...###............# #
# #.#
...............#####.# #
..##.##...##.....#.#
###.## . ..#. ##.
#..#.##.# #..... . .....
#..#.##.###..... #...
##..#.##.##...... .....∆
.....#..##...<..
......###..###.###......
.....gg@)..# #.# #.##.##
.....)###..# #.# #......
.###. #[.###.######.## #
#........####.#
#.............#
#.####.#.###### #.#
#.#[# #.## #.#.# #..#
#.#.#


You could see Robin and a hobgoblin.

Vanquished Creatures
  A worm (D:2)
  2 leopard geckos (D:1)
  3 bats (D:1)
  A giant cockroach (D:2)
  14 goblins
  A hobgoblin (D:1)
  2 quokkas (D:2)
  5 frilled lizards
  6 kobolds
  7 rats
42 creatures vanquished.

Vanquished Creatures (others)
  A goblin (D:2)
1 creature vanquished.

Grand Total: 43 creatures vanquished

Notes
Turn   | Place    | Note
-------+----------+-------------------------------------------
     0 | D:1      | Fortress the Gnoll Fire Elementalist began the quest for
                  | the Orb.
     0 | D:1      | Reached XP level 1. HP: 13/13 MP: 6/6
     6 | D:1      | Noticed a salamander
     6 | D:1      | Noticed a rime drake
     6 | D:1      | Noticed a swamp worm
     7 | D:1      | Noticed a polar bear
   169 | D:1      | Reached XP level 2. HP: 19/19 MP: 2/7
   714 | D:2      | Reached XP level 3. HP: 25/25 MP: 7/9
   781 | D:2      | Reached skill level 5 in Spellcasting
   905 | D:2      | Found an opulent altar of Gozag.
  1010 | D:2      | Found a snail-covered altar of Cheibriados.
  1108 | D:2      | Noticed Robin
  1112 | D:2      | Reached skill level 1 in Invocations
  1132 | D:2      | HP: 1/25 [goblin/+0 dagger[Robin] (6)]
  1137 | D:2      | Slain by Robin

Skill      XL: |  1  2  3 |
---------------+----------+-----
Conjurations   | 2 |  2.1
Spellcasting   | 5 |  5.0
Invocations    | 1 |  1.0
Fighting       | |  0.9
Short Blades   | |  0.9
Long Blades    | |  0.9
Axes           | |  0.9
Maces & Flails | |  0.9
Polearms       | |  0.9
Staves         | |  0.9
Slings         | |  0.9
Bows           | |  0.9
Crossbows      | |  0.9
Throwing       | |  0.9
Armour         | |  0.9
Dodging        | |  4.5
Stealth        | |  4.2
Shields        | |  0.9
Unarmed Combat | |  0.9
Hexes          | |  0.6
Charms         | |  0.6
Summonings     | |  0.6
Necromancy     | |  0.6
Translocations | |  0.6
Transmutations | |  0.6
Fire Magic     | |  5.4
Ice Magic      | |  0.6
Air Magic      | |  0.6
Earth Magic    | |  0.6
Poison Magic   | |  0.6
Evocations     | |  0.9

Action                   || total
-------------------------++-------
Melee: Unarmed           ||     3
       Short sword       ||    18
       Bite              ||     1
 Cast: Flame Tongue      ||    50
  Use: Potion            ||     4
Armor: Robe              ||     7
Dodge: Dodged            ||    36
